 Dungeon Crawl Stone Soup version 0.29-a0-82-g837932c90e (webtiles) character file.

Game seed: 1293126465118040423

172 bande the Covered (level 5, -5/33 HPs)
             Began as a Gargoyle Fighter on Feb 5, 2022.
             Killed by divine providence
             ... invoked by an orc priest
              (11 damage)
             ... on level 3 of the Dungeon.
             The game lasted 00:05:36 (3759 turns).

bande the Covered (Gargoyle Fighter)                Turns: 3759, Time: 00:05:36

Health: -5/33      AC: 15    Str: 20    XL:     5   Next: 53%
Magic:  5/5        EV:  5    Int:  8    God:
Gold:   91         SH:  4    Dex: 11    Spells: 4/4 levels left

rFire   . . .      SeeInvis .   a - +0 war axe
rCold   . . .      Faith    .   c - +0 buckler
rNeg    + . .      Spirit   .   e - +0 plate armour
rPois   ∞          Reflect  .   (no helmet)
rElec   +          Harm     .   (no cloak)
rCorr   .          Rampage  .   (no gloves)
Will    .....                   (no boots)
Stlth   ..........              (no amulet)
HPRegen 0.11/turn               (no ring)
MPRegen 0.09/turn               (no ring)

@: no status effects
A: sickness immunity, AC +4, negative energy resistance 1, electricity
resistance, torment resistance 1, petrification resistance
a: no special abilities


You were on level 3 of the Dungeon.
You visited 1 branch of the dungeon, and saw 3 of its levels.

You collected 91 gold pieces.

Inventory:

Hand Weapons
 a - a +0 war axe (weapon)
 b - a +0 flail
Armour
 c - a +0 buckler (worn)
 e - a +0 plate armour (worn)
Potions
 d - a potion of might
 f - a potion of curing
 g - a potion of heal wounds


   Skills:
 + Level 4.0 Fighting
 + Level 3.5 Axes
 + Level 4.3 Armour
 - Level 0.4 Dodging
 + Level 3.8 Shields


You had 4 spell levels left.
You didn't know any spells.
Your spell library contained the following spells:

 Spells                   Type           Power      Damage    Failure   Level
 Gell's Gravitas          Tloc           0%         N/A       100%        3
 Lesser Beckoning         Tloc           0%         N/A       100%        3
 Teleport Other           Tloc           0%         N/A       100%        3


Dungeon Overview and Level Annotations

Branches:
Dungeon (3/15)

Altars:


Innate Abilities, Weirdness & Mutations

You are immune to sickness and miasma.
Your stone body is resilient. (AC +4)
You are immune to poison.
You resist negative energy. (rN+)
You are resistant to electric shocks. (rElec)
You are resistant to unholy torment.
You are immune to petrification.


Message History

Pain shoots through your body!
* * * LOW HITPOINT WARNING * * *
You feel much better.
The orc priest hits you but does no damage.
You barely miss the orc priest.
The orc priest is almost dead.
The orc priest hits you but does no damage.
You barely miss the orc priest.
The orc priest is almost dead.
The orc priest hits you but does no damage.
You barely miss the orc priest.
The orc priest is almost dead.
The orc priest hits you with a +0 hand axe. x2
You barely miss the orc priest.
The orc priest is almost dead.
The orc priest hits you but does no damage.
You hit the orc priest but do no damage.
The orc priest is almost dead.
You block the orc priest's attack.
You hit the orc priest but do no damage.
The orc priest is almost dead.
The orc priest mumbles some strange prayers to Beogh against you.
Beogh smites you!
The orc priest mumbles some strange prayers to Beogh against you.
Beogh smites you!
* * * LOW HITPOINT WARNING * * *
You barely miss the orc priest.
The orc priest is almost dead.
The orc priest barely misses you.
You barely miss the orc priest.
The orc priest is almost dead.
The orc priest mumbles some strange prayers to Beogh against you.
Pain shoots through your body!
* * * LOW HITPOINT WARNING * * *
The orc priest barely misses you.
You hit the orc priest but do no damage.
The orc priest is almost dead.
The orc priest invokes the aid of Beogh against you.
Beogh smites you!
You die...

.........###...#
#.###..........#
#.# #..........#
..#
#.........(###
#.#
#...........(#
#.#
#............# #
.
###'#........##
# .
...#.........# #
.............@.#
# ≈........o.#
#.. ≈..........#
....
≈§≈........#
#....
§§§.......#
#.... §≈≈......#
..... ≈≈≈≈≈....#
..... ≈≈≈§≈≈...#
...≈


You could see an orc priest.

Vanquished Creatures
  An orc priest (D:3)
  An orc wizard (D:2)
  A howler monkey zombie (D:3)
  2 adders
  A gnoll (D:1)
  2 worms (D:2)
  12 orcs
  2 endoplasms
  2 giant cockroaches (D:1)
  7 goblins
  6 hobgoblins
  3 jackals (D:1)
  2 quokkas (D:1)
  9 ball pythons
  6 bats
  3 kobolds (D:1)
  2 rats (D:3)
62 creatures vanquished.

Notes
Turn   | Place    | Note
-------+----------+-------------------------------------------
     0 | D:1      | bande the Gargoyle Fighter began the quest for the Orb.
     0 | D:1      | Reached XP level 1. HP: 14/14 MP: 1/1
   182 | D:1      | Reached XP level 2. HP: 19/19 MP: 2/2
   229 | D:1      | Found a faded altar of an unknown god.
   523 | D:1      | Reached XP level 3. HP: 23/23 MP: 3/3
  2583 | D:3      | Reached XP level 4. HP: 29/29 MP: 4/4
  3244 | D:2      | Reached XP level 5. HP: 33/33 MP: 5/5
  3749 | D:3      | HP: 1/33 [orc priest/nerve-wracking pain (3)]
  3759 | D:3      | Killed from afar by an orc priest

Illustrated notes

Levels and vault maps discovered:
D:1:      lemuel_arrival_rhombus, layout_basic, basic_ecumenical_altar,
          minmay_heptomino_d4
D:2:      layout_basic
D:3:      layout_basic, lemuel_old_faithful

Skill      XL: |  1  2  3  4  5 |
---------------+----------------+-----
Axes           | 2 3 |  3.5
Armour         | 4 |  4.3
Fighting       | 4 |  4.0
Dodging        | |  0.4
Shields        | |  3.8

Action                   |  1- 3 |  4- 6 || total
-------------------------+-------+-------++-------
Melee: War axe           |   109 |    96 ||   205
  Use: Scroll            |     3 |     1 ||     4
       Potion            |       |     1 ||     1
Armor: Scale mail        |    53 |       ||    53
       Plate armour      |     3 |    95 ||    98
Dodge: Dodged            |    66 |    29 ||    95
Block: Buckler           |    33 |    28 ||    61

Table legend: (Time is in decaauts)
 A = Elapsed time spent in this place.
 B = Non-inter-level travel time spent in this place.
 C = Inter-level travel time spent in this place.
 D = Time resting spent in this place.
 E = Time spent auto-exploring this place.
 F = Levels seen in this place.
 G = Mean time per level.
                   A        B        C        D        E       F      G
               +--------+--------+--------+--------+--------+-----+--------+
         Total |   3850 |   3819 |     31 |   1093 |   2121 |   3 | 1283.3 |
       Dungeon |   3850 |   3819 |     31 |   1093 |   2121 |   3 | 1283.3 |
               +--------+--------+--------+--------+--------+-----+--------+

Top non-repeatable levels by time:
     D:2: 1731 daAuts
     D:1: 1487 daAuts
     D:3: 631 daAuts
